Map: 2000 атмосфер РВ

Players

Krystianer - Winner!

  • Race: Protoss Protoss
  • League: Grandmaster
  • Spawn Location: 7:00

Nicoract

  • Race: Terran Terran
  • League: Grandmaster
  • Spawn Location: 3:00

VOD

Have the link to the VOD?

Description

Time

  • Played on: July 6, 2022, 6:21 p.m.
  • Length: 9:35
Show
View Real Time Build Order
Export as new Build Order

Krystianer Protoss - Winner!

Build Orders: 1 Gate Expand, Colossus Rush 

Get SALT Encoding   

  12  0:00  Probe  
  13  0:12  Probe  
  14  0:17  Pylon  
  14  0:24  Probe (Chrono Boost)  
  16  0:36  Gateway  
  16  0:37  Probe (Chrono Boost)  
  16  0:42  Probe (Chrono Boost)  
  16  0:45  Assimilator  
  17  0:51  Probe  
  18  1:03  Probe  
  19  1:15  Probe  
  20  1:22  Nexus  
  20  1:32  Cybernetics Core  
  20  1:35  Probe  
  21  1:40  Assimilator  
  21  1:47  Probe  
  21  1:51  Pylon  
  22  1:59  Probe  
  23  2:06  Adept (Chrono Boost)  
  23  2:11  Probe  
  26  2:22  Warp Gate  
  26  2:24  Probe (Chrono Boost)  
  26  2:29  Stalker  
  28  2:32  Robotics Facility  
  28  2:34  Probe (Chrono Boost)  
  28  2:36  Probe (Chrono Boost)  
  31  2:44  Probe (Chrono Boost)  
  31  2:45  Probe (Chrono Boost)  
  31  2:49  Probe (Chrono Boost)  
  32  2:51  Probe  
  33  3:01  Probe  
  33  3:04  Probe  
  35  3:13  Stalker, Probe  
  35  3:16  Probe  
  39  3:22  Robotics Bay  
  39  3:25  Probe  
  40  3:28  Probe  
  40  3:34  Warp Prism (Chrono Boost)  
  40  3:37  Probe  
  40  3:40  Probe  
  40  3:41  Pylon  
  44  3:49  Probe  
  44  3:52  Probe  
  46  4:02  Probe  
  47  4:04  Pylon, Probe  
  47  4:07  Colossus (Chrono Boost), Gravitic Drive (Chrono Boost)  
  54  4:20  Nexus  
  54  4:22  Probe x2  
  56  4:27  Assimilator  
  56  4:31  Stalker  
  58  4:39  Probe x2  
  58  4:40  Pylon  
  60  4:46  Observer (Chrono Boost)  
  60  4:50  Gateway  
  60  4:51  Probe  
  62  4:57  Probe (Chrono Boost)  
  62  5:02  Stalker  
  63  5:07  Probe (Chrono Boost)  
  63  5:09  Probe (Chrono Boost)  
  63  5:13  Twilight Council  
  64  5:14  Forge  
  64  5:18  Probe (Chrono Boost)  
  64  5:19  Probe (Chrono Boost)  
  66  5:23  Probe  
  66  5:26  Stalker  
  66  5:27  Probe  
  69  5:32  Probe  
  69  5:35  Probe  
  69  5:40  Probe (Chrono Boost)  
  70  5:42  Charge  
  70  5:45  Protoss Ground Weapons Level 1 (Chrono Boost)  
  70  5:48  Probe x2 (Chrono Boost)  
  72  5:52  Stalker x2, Probe (Chrono Boost)  
  79  5:58  Probe (Chrono Boost)  
  79  5:59  Probe (Chrono Boost)  
  79  6:00  Probe (Chrono Boost)  
  79  6:03  Probe (Chrono Boost)  
  78  6:06  Probe  
  78  6:08  Probe  
  81  6:14  Gateway x2, Probe  
  81  6:18  Probe  
  82  6:20  Probe  
  83  6:26  Assimilator  
  83  6:34  Gateway  
  83  6:36  Gateway, Zealot  
  83  6:39  Gateway  
  85  6:40  Pylon, Templar Archives  
  85  6:41  Pylon  
  85  6:42  Pylon  
  85  6:53  Pylon  
  85  6:54  Colossus (Chrono Boost), Pylon  
  85  6:59  Zealot x2  
  95  7:02  Probe  
  95  7:07  Extended Thermal Lance  
  96  7:09  Zealot x2  
  100  7:16  Probe  
  100  7:20  Zealot x2  
  105  7:24  Probe  
  105  7:25  Probe  
  105  7:28  Pylon x2  
  106  7:31  Zealot x4  
  106  7:33  Protoss Ground Armor Level 1 (Chrono Boost)  
  106  7:35  Shield Battery  
  114  7:38  Zealot  
  114  7:41  Colossus (Chrono Boost), Zealot  
  124  7:46  Pylon  
  124  7:47  Pylon  
  122  7:55  Zealot x5  
  132  8:00  Pylon  
  123  8:06  Zealot x2  
  111  8:19  Zealot x5  
  107  8:21  Probe  
  107  8:23  Probe  
  97  8:32  Colossus (Chrono Boost)  
  103  8:37  High Templar x2  
  107  8:41  Zealot x5  
  107  8:42  Archon  
  117  8:49  Gateway, Nexus, Assimilator x2  
  117  8:52  Pylon  
  117  8:59  Probe x2  
  117  9:02  Zealot x5  
  125  9:09  Zealot x2  
  123  9:24  Zealot x5  
  133  9:31  Zealot x2  
Show
View Real Time Build Order
Export as new Build Order

Nicoract Terran 

Build Orders: Reaper Expand 

Get SALT Encoding   

  12  0:00  SCV  
  13  0:12  SCV  
  14  0:17  Supply Depot  
  14  0:24  SCV  
  15  0:38  SCV  
  15  0:40  Barracks  
  15  0:42  Refinery  
  16  0:51  SCV  
  17  1:03  SCV  
  18  1:15  SCV  
  19  1:27  Reaper, Orbital Command  
  20  1:43  Command Center  
  20  1:49  Bunker  
  20  1:53  SCV  
  21  1:59  Marine  
  22  2:04  Supply Depot  
  22  2:07  SCV  
  23  2:19  Factory  
  22  2:23  SCV  
  22  2:24  Refinery  
  23  2:30  Barracks Reactor  
  23  2:35  SCV  
  24  2:47  SCV  
  25  2:55  Orbital Command  
  25  2:59  SCV  
  25  3:03  Hellion  
  25  3:04  Starport  
  28  3:07  Marine x2  
  28  3:11  SCV  
  31  3:22  SCV  
  31  3:23  SCV  
  31  3:24  Hellion  
  31  3:25  Marine x2  
  37  3:34  SCV, Supply Depot  
  38  3:36  SCV  
  39  3:41  Medivac  
  39  3:43  Marine x2  
  39  3:46  SCV, Hellion  
  46  3:50  Supply Depot  
  46  3:54  Bunker  
  46  3:55  SCV  
  46  3:57  Supply Depot  
  46  3:58  SCV  
  46  4:00  Marine  
  46  4:01  Marine  
  50  4:07  SCV, Factory Tech Lab  
  51  4:10  SCV  
  51  4:13  Starport Tech Lab  
  52  4:20  SCV  
  52  4:21  Marine x2  
  55  4:26  Siege Tank  
  58  4:33  Raven  
  60  4:40  Barracks  
  60  4:42  Barracks  
  60  4:43  Marine, Engineering Bay  
  60  4:44  Marine  
  60  4:45  SCV x2  
  64  4:55  Refinery x2  
  64  4:57  SCV x2  
  61  5:05  Marine x2  
  61  5:06  Siege Tank  
  63  5:12  SCV x2  
  65  5:16  Terran Infantry Weapons Level 1  
  65  5:17  Supply Depot  
  65  5:21  Missile Turret  
  65  5:24  SCV x2  
  65  5:25  Marine  
  65  5:26  Marine  
  65  5:37  SCV  
  65  5:38  SCV  
  65  5:47  Siege Tank  
  65  5:48  Viking  
  71  5:50  SCV x2  
  72  6:02  Marine x2, Marauder  
  72  6:03  SCV  
  75  6:09  Barracks Tech Lab  
  70  6:13  Stimpack  
  70  6:15  SCV x2  
  71  6:20  Starport Reactor  
  71  6:24  Marine x2  
  71  6:25  Marauder  
  75  6:27  SCV x2  
  77  6:34  Siege Tank, Marauder  
  77  6:39  SCV x2  
  84  6:45  Marine x2  
  84  6:46  Combat Shield  
  86  6:52  Command Center  
  86  6:54  Supply Depot, Marauder  
  86  6:57  Medivac x2  
  92  7:03  SCV x2  
  92  7:04  Supply Depot  
  94  7:14  Marine  
  94  7:15  Marine  
  97  7:16  SCV x2, Marauder  
  97  7:21  Marauder  
  99  7:27  Medivac x2  
  99  7:28  SCV x2  
  105  7:38  Barracks  
  105  7:39  Marine x2  
  105  7:42  Barracks  
  105  7:44  Factory Reactor  
  107  7:45  Marauder  
  107  7:49  Marauder  
  108  7:53  Concussive Shells  
  108  7:54  SCV x2  
  108  8:06  SCV x2, Marauder  
  108  8:10  Marine  
  108  8:11  SCV, Medivac x2, Marauder  
  105  8:16  Marine  
  105  8:18  SCV x2  
  101  8:27  Marine, Marauder  
  95  8:28  Marauder  
  95  8:30  SCV  
  95  8:32  Marauder  
  101  8:34  Orbital Command  
  101  8:38  Marine  
  101  8:40  Sensor Tower  
  74  8:41  Medivac x2  
  99  8:43  Refinery  
  99  8:44  Marine x2, Refinery  
  99  8:48  Marine, SCV  
  106  8:49  SCV  
  106  8:51  Marauder  
  106  8:52  Marauder  
  112  8:56  Marauder, Supply Depot, Missile Turret  
  112  9:00  Marine  
  115  9:03  Marine x2  
  115  9:08  Marine  
  115  9:09  Missile Turret  
  118  9:14  SCV x2, Marauder  
Tags
 
Add a new tag
Caveats
  • Supply blocks, unpowered buildings, or Contaminate may cause inaccurate times.
  • Supply counts are checked every 10 seconds.